 Dungeon Crawl Stone Soup version 0.31-a0-202-g547052bce9 (webtiles) character file.

Game seed: 16846312119131674763

48605 qw the Markself (level 14, -1/88 HPs)
             Began as a Deep Elf Hunter on June 26, 2023.
             Was an Elder of Okawaru.
             Slain by a kobold brigand
             ... wielding a +0 dagger
              (7 damage)
             ... on level 13 of the Dungeon.
             The game lasted 00:06:05 (16791 turns).

qw the Markself (Deep Elf Hunter)                  Turns: 16791, Time: 00:06:05

Health: -1/88      AC: 24    Str: 12    XL:     14   Next: 12%
Magic:  23/23      EV: 21    Int: 16    God:    Okawaru [****..]
Gold:   868        SH:  0    Dex: 18    Spells: 13/13 levels left

rFire   . . .        s - +1 longbow (flame)
rCold   + . .        (shield currently unavailable)
rNeg    . . .        h - +4 ring mail
rPois   +            c - +2 helmet
rElec   .            k - +2 cloak
rCorr   +            i - +2 pair of gloves
SInv    .            p - +1 pair of boots
Will    ++...        (no amulet)
Stlth   +++          l - ring of willpower
HPRegen 0.34/turn    m - ring "Sepakawa" {rPois rC+ rCorr}
MPRegen 0.18/turn

%: no passive effects
@: about to teleport, heroic, spiked
A: no striking features
a: Renounce Religion, Heroism, Finesse


You were on level 13 of the Dungeon.
You worshipped Okawaru.
Okawaru was greatly pleased with you.
You visited 3 branches of the dungeon, and saw 19 of its levels.

You collected 1086 gold pieces.
You spent 218 gold pieces at shops.


   Skills:
 - Level 10.0(15.0) Fighting
 + Level 18.8(23.8) Ranged Weapons
 - Level 7.0(12.0) Armour
 - Level 14.1(19.1) Dodging
 - Level 1.2(6.2) Stealth
 - Level 10.0 Invocations


You had 13 spell levels left.
You didn't know any spells.
Your spell library was empty.

Inventory:

Hand Weapons
 s - a +1 longbow of flaming (weapon)
Armour
 c - a +2 helmet (worn)
 h - a +4 ring mail (worn)
 i - a +2 pair of gloves (worn)
 k - a +2 cloak (worn)
 o - the +3 scale mail of Sunlight {rPois rC+}
   (Okawaru gifted it to you on level 12 of the Dungeon)

   rC:        It protects you from cold.
   rPois:     It protects you from poison.
 p - a +1 pair of boots (worn)
Jewellery
 b - a ring of positive energy
 j - a ring of positive energy
 l - a ring of willpower (left hand)
 m - the ring "Sepakawa" (right hand) {rPois rC+ rCorr}
   (You found it on level 5 of the Dungeon)

   [ring of resist corrosion]

   rC:        It protects you from cold.
   rPois:     It protects you from poison.
   rCorr:     It protects you from acid and corrosion.
Wands
 q - a wand of digging (24)
Scrolls
 a - 3 scrolls of identify
Potions
 d - 2 potions of enlightenment
 e - 12 potions of curing
 g - 2 potions of mutation
 n - 2 potions of resistance
 r - a potion of magic

Dungeon Overview and Level Annotations

Branches:
Dungeon (13/15)            Temple (1/1) D:5            Lair (5/5) D:9
 Shoals (0/4) Lair:3        Snake (0/4) Lair:2        Slime (0/5) Lair:4
    Orc (0/2) D:12
 Vaults: D:13-14

Altars:
Ashenzari
Cheibriados
Dithmenos
Elyvilon
Fedhas
Gozag
Hepliaklqana
Kikubaaqudgha
Makhleb
Nemelex Xobeh
Okawaru
Qazlal
Ru
Sif Muna
Trog
Uskayaw
Vehumet
Wu Jian
Xom
Yredelemnul
Zin
The Shining One
Jiyva

Shops:
D:7 [[   D:11 (

Portals:
Hell: Lair:5

Annotations:
Lair:4 1 runed translucent door


Message History

The arrow hits the sun demon but does no damage.
The sun demon is heavily wounded.
The sun demon barely misses you.
The red devil hits you but does no damage.
The kobold demonologist looks encouraged for a moment.
The skeletal warrior barely misses you.
The kobold brigand completely misses you.
You shoot an arrow. The arrow hits the sun demon!!
The sun demon is almost dead.
The sun demon completely misses you. The red devil completely misses you.
You shoot an arrow. The arrow closely misses the sun demon.
The arrow hits the ufetubus!
The arrow burns the ufetubus.
You kill the ufetubus!
The ufetubus disappears in a puff of smoke!
The sun demon misses you. The skeletal warrior misses you.
The kobold brigand hits you but does no damage.
The red devil hits you but does no damage.
You shoot an arrow. The arrow hits the sun demon.
The sun demon is almost dead.
The sun demon hits you.
You are engulfed in flames!
The kobold demonologist gestures wildly while chanting.
The skeletal warrior closely misses you.
The kobold brigand completely misses you.
The chaos spawn gibbers incoherently in a cacophony of voices.
You shoot an arrow. The arrow hits the sun demon.
You kill the sun demon!
The sun demon disappears in a puff of smoke!
The red devil hits you from afar with a +0 trident!
Barbed spikes become lodged in your body.
The skeletal warrior hits you with a +0 short sword!
The kobold brigand hits you but does no damage.
16791 ||| READING scroll of teleportation.
As you read the scroll of teleportation, it crumbles to dust.
You feel strangely unstable.
The ufetubus disappears in a puff of smoke!
The centaur warrior skeleton completely misses you.
The centaur warrior skeleton kicks you but does no damage.
The red devil hits you but does no damage.
The kobold brigand hits you with a +0 dagger!
You die...

.#......####...........####
.#......##.#.#######..##
.#.......?.#.# . #..#
.##.######.#.# .##..#
.............# #K#..# #
###.######.### #.#..#.#
#....# #.# .5...... #(...#
#.#######4#..#.##
#....###+#....@KZ5ยค.....
#.............Kz45......
#..........#####5#..#.##
#..........# .Z......
#....###.### ##.#..#.##
....... #.# #.#..# #
#.#...## #.# .## .# #.#...
#.# . .# # #.#. #.# # #


You could see a skeletal warrior, a kobold demonologist, a chaos spawn
(summoned), a red devil (summoned), a kobold brigand, an iron imp (summoned), a
quasit (summoned), a shadow imp (summoned) and 2 centaur warrior skeletons.

Vanquished Creatures
  Gastronok (Lair:2)
  Nessos (D:12)
  4 hydras (Lair:5)
  2 boulder beetles
  3 two-headed ogres
  Urug (D:11)
  Sonja (Lair:1)
  3 skeletal warriors (D:12)
  A skyshark (Lair:5)
  A sixfirhy (Lair:5)
  A wizard (Lair:5)
  A manticore (D:12)
  An ugly thing (D:12)
  2 cyclopes (D:12)
  2 black mambas (Lair:5)
  Maurice (D:9)
  4 elephants (Lair:5)
  3 orange demons (Lair:5)
  A gargoyle (D:12)
  15 cane toads
  Maggie (D:6)
  6 rime drakes
  5 komodo dragons
  A centaur skeleton (D:13)
  3 ice devils (Lair:5)
  A troll (shapeshifter) (D:13)
  5 trolls
  Grinder (D:4)
  A hellwing (Lair:5)
  3 polar bears
  Prince Ribbit (D:7)
  6 dream sheep (Lair:5)
  25 blink frogs
  Sigmund (D:5)
  4 shadows
  A vampire (D:9)
  3 wyverns
  A wraith (D:11)
  Eustachio (D:4)
  2 basilisks
  35 yaks
  2 humans (D:7)
  6 vampire mosquitoes (D:12)
  2 steam dragons (D:8)
  Edmund (D:4)
  2 nagas (Lair:2)
  14 water moccasins
  Duvessa (D:4)
  3 hell hounds (Lair:5)
  A black bear (D:7)
  3 orc warriors
  An ice beast (D:7)
  2 sky beasts (D:6)
  2 ogres (D:6)
  13 wolves
  3 centaurs
  2 phantoms
  6 kobold brigands
  8 bullfrogs
  2 scorpions
  3 wights
  Dowan (D:4)
  A troll zombie (D:12)
  6 killer bees
  5 howler monkeys
  6 electric eels
  5 jellies
  3 hounds
  3 orc priests
  2 sleepcaps
  2 iguanas
  7 hell rats (Lair:2)
  Natasha (thrice) (D:4)
  7 orc wizards
  5 ogre zombies (D:12)
  Robin (D:4)
  An adder (D:5)
  2 shadow imps
  An ufetubus (D:6)
  2 worms
  2 dart slugs
  24 orcs
  7 endoplasms
  3 giant cockroaches
  13 goblins
  8 hobgoblins
  32 kobolds
  A quokka (D:2)
  7 ball pythons
  7 bats
  4 frilled lizards
  2 goblin zombies (D:12)
  3 hobgoblin skeletons (D:12)
  A hobgoblin zombie (D:12)
  An orc skeleton (D:12)
  11 orc zombies (D:12)
  3 rats
425 creatures vanquished.

Notes
Turn   | Place    | Note
-------+----------+-------------------------------------------
     0 | D:1      | qw the Deep Elf Hunter began the quest for the Orb.
     0 | D:1      | Reached XP level 1. HP: 12/12 MP: 3/3
     0 | D:1      | 0 ||| qw: Version: 0.3-a-22-g0ed2b0b
     0 | D:1      | 0 ||| qw: Game counter: 6125
     0 | D:1      | 0 ||| qw: Melee chars always use a shield: true
     0 | D:1      | 0 ||| qw: God list: Okawaru
     0 | D:1      | 0 ||| qw: Allow faded altars: false
     0 | D:1      | 0 ||| qw: Do Orc after clearing Dungeon:15 true
     0 | D:1      | 0 ||| qw: Do second Lair branch before Depths: true
     0 | D:1      | 0 ||| qw: Lair rune preference: random
     0 | D:1      | 0 ||| qw: Goals: Normal
     0 | D:1      | 0 ||| PLANNING D:1-11
    98 | D:1      | Reached XP level 2. HP: 16/16 MP: 4/4
   112 | D:1      | Reached skill level 6 in Ranged Weapons
   426 | D:1      | 426 ||| UPGRADING to +0 ring mail.
   436 | D:1      | 436 ||| DROPPING +0 leather armour.
   437 | D:1      | 437 ||| READING scroll labelled BYD DUAHEROVAH.
   437 | D:1      | Identified a scroll of acquirement
   437 | D:1      | 437 ||| ACQUIRING +2 hand crossbow of flaming
   437 | D:1      | Acquired a +2 hand crossbow of flaming
   439 | D:1      | 439 ||| SWAPPING to +2 hand crossbow of flaming.
   440 | D:1      | 440 ||| DROPPING +0 shortbow.
   441 | D:1      | 441 ||| DRINKING 2 red potions.
   442 | D:1      | 442 ||| DROPPING scroll of butterflies.
   577 | D:2      | Reached XP level 3. HP: 20/20 MP: 5/5
   996 | D:2      | 996 ||| UPGRADING to ring of positive energy.
   997 | D:2      | 997 ||| READING scroll labelled KOULUATROTT.
   998 | D:2      | 998 ||| READING scroll labelled SUJAPREILA.
   999 | D:2      | 999 ||| READING scroll labelled ESMENY ULUBB.
  1000 | D:2      | 1000 ||| READING scroll labelled DOBUTA DIMNUYSSOERR.
  1001 | D:2      | 1001 ||| READING scroll labelled DIOGGIVENA.
  1346 | D:3      | Found a glowing golden altar of the Shining One.
  1445 | D:3      | 1445 ||| UPGRADING to +0 helmet.
  1450 | D:3      | 1450 ||| READING scroll labelled CEZEZXEVYD.
  1451 | D:3      | 1451 ||| DRINKING 2 white potions.
  1452 | D:3      | 1452 ||| DRINKING 2 potions of curing.
  1452 | D:3      | 1452 ||| (to cure confusion)
  1453 | D:3      | 1453 ||| DROPPING potion of ambrosia.
  1572 | D:3      | Reached skill level 7 in Ranged Weapons
  1681 | D:3      | 1681 ||| READING scroll labelled YMEBOI TIPIU.
  1971 | D:4      | Noticed a phantom
  1974 | D:4      | Killed a phantom
  1975 | D:4      | Reached skill level 8 in Ranged Weapons
  1975 | D:4      | Reached XP level 4. HP: 25/25 MP: 6/6
  2014 | D:4      | Noticed Duvessa
  2014 | D:4      | Noticed Natasha
  2017 | D:4      | 2017 ||| Stepping ~*~*~tactically~*~*~ (outnumbered).
  2018 | D:4      | Killed Duvessa
  2019 | D:4      | Reached skill level 9 in Ranged Weapons
  2019 | D:4      | Reached XP level 5. HP: 29/29 MP: 7/7
  2019 | D:4      | Killed Natasha
  2020 | D:4      | Noticed Dowan
  2023 | D:4      | Killed Dowan
  2024 | D:4      | Reached XP level 6. HP: 35/35 MP: 8/8
  2046 | D:4      | Noticed Robin
  2053 | D:4      | Killed Robin
  2054 | D:4      | Reached skill level 10 in Ranged Weapons
  2056 | D:4      | HP: 8/35 [kobold/+0 short sword (3)]
  2256 | D:4      | Noticed Edmund
  2262 | D:4      | Killed Edmund
  2263 | D:4      | 2263 ||| FLEEEEING.
  2264 | D:4      | 2264 ||| FLEEEEING.
  2265 | D:4      | 2265 ||| FLEEEEING.
  2266 | D:4      | 2266 ||| FLEEEEING.
  2267 | D:4      | 2267 ||| FLEEEEING.
  2268 | D:4      | 2268 ||| FLEEEEING.
  2269 | D:4      | 2269 ||| FLEEEEING.
  2270 | D:4      | 2270 ||| FLEEEEING.
  2271 | D:4      | 2271 ||| FLEEEEING.
  2272 | D:4      | 2272 ||| FLEEEEING.
  2273 | D:4      | 2273 ||| FLEEEEING.
  2322 | D:4      | Noticed Natasha
  2326 | D:4      | Killed Natasha
  2327 | D:4      | Noticed Eustachio
  2332 | D:4      | Killed Eustachio
  2333 | D:4      | Reached XP level 7. HP: 27/40 MP: 9/9
  2338 | D:4      | Noticed Natasha
  2339 | D:4      | 2339 ||| FLEEEEING.
  2340 | D:4      | 2340 ||| FLEEEEING.
  2341 | D:4      | 2341 ||| FLEEEEING.
  2342 | D:4      | 2342 ||| FLEEEEING.
  2343 | D:4      | 2343 ||| FLEEEEING.
  2344 | D:4      | 2344 ||| FLEEEEING.
  2345 | D:4      | 2345 ||| FLEEEEING.
  2346 | D:4      | 2346 ||| FLEEEEING.
  2347 | D:4      | 2347 ||| FLEEEEING.
  2348 | D:4      | 2348 ||| FLEEEEING.
  2349 | D:4      | 2349 ||| FLEEEEING.
  2350 | D:4      | 2350 ||| FLEEEEING.
  2355 | D:4      | 2355 ||| FLEEEEING.
  2356 | D:4      | 2356 ||| FLEEEEING.
  2357 | D:4      | 2357 ||| FLEEEEING.
  2360 | D:4      | 2360 ||| FLEEEEING.
  2361 | D:4      | 2361 ||| FLEEEEING.
  2364 | D:4      | 2364 ||| FLEEEEING.
  2370 | D:4      | Killed Natasha
  2436 | D:4      | Noticed Grinder
  2438 | D:4      | Killed Grinder
  2439 | D:4      | Reached skill level 11 in Ranged Weapons
  2701 | D:4      | 2701 ||| READING 2 scrolls of identify.
  2701 | D:4      | 2701 ||| IDENTIFYING fizzy golden potion
  2757 | D:5      | Entered Level 5 of the Dungeon
  2817 | D:5      | Found a staircase to the Ecumenical Temple.
  2818 | D:5      | 2818 ||| PLANNING TEMPLE
  2818 | D:5      | 2818 ||| DRINKING 2 amethyst potions.
  2819 | D:5      | Noticed Sigmund
  2825 | D:5      | Killed Sigmund
  2826 | D:5      | Reached skill level 12 in Ranged Weapons
  2826 | D:5      | Reached XP level 8. HP: 40/44 MP: 10/10
  2847 | Temple   | Entered the Ecumenical Temple
  3188 | Temple   | 3188 ||| PLANNING D:1-11
  3432 | D:5      | Found a shadowy altar of Dithmenos.
  3444 | D:5      | Identified the ring "Sepakawa" {rPois rC+ rCorr}
  3653 | D:5      | 3653 ||| UPGRADING to +2 cloak.
  3658 | D:5      | 3658 ||| UPGRADING to ring "Sepakawa" {rPois rC+ rCorr}.
  3659 | D:5      | 3659 ||| READING scroll labelled FOG VOASMEU.
  3664 | D:5      | 3664 ||| DRINKING 2 bubbling golden potions.
  3707 | D:5      | 3707 ||| READING 2 scrolls of identify.
  3707 | D:5      | 3707 ||| IDENTIFYING viscous ruby potion
  3708 | D:5      | 3708 ||| DROPPING potion of degeneration.
  3709 | D:5      | 3709 ||| DROPPING potion of lignification.
  3720 | D:6      | Reached skill level 3 in Fighting
  3720 | D:6      | 3720 ||| STAIRDANCE
  3857 | D:6      | 3857 ||| STAIRDANCE
  3959 | D:6      | Reached skill level 13 in Ranged Weapons
  3974 | D:6      | Noticed Maggie
  3984 | D:6      | Killed Maggie
  3985 | D:6      | Reached skill level 14 in Ranged Weapons
  3985 | D:6      | Reached XP level 9. HP: 47/50 MP: 11/11
  4054 | D:6      | 4054 ||| Stepping ~*~*~tactically~*~*~ (outnumbered).
  4058 | D:6      | 4058 ||| Stepping ~*~*~tactically~*~*~ (outnumbered).
  4658 | D:6      | 4658 ||| READING 2 scrolls of identify.
  4658 | D:6      | 4658 ||| IDENTIFYING sedimented purple potion
  4659 | D:6      | 4659 ||| DROPPING potion of berserk rage.
  4725 | D:7      | 4725 ||| Stepping ~*~*~tactically~*~*~ (outnumbered).
  4726 | D:7      | 4726 ||| Stepping ~*~*~tactically~*~*~ (outnumbered).
  4732 | D:7      | Reached skill level 15 in Ranged Weapons
  4749 | D:7      | Found Nafo's Armour Shop.
  5174 | D:7      | Found Korheedd's Antique Armour Emporium.
  5180 | D:7      | 5180 ||| BUYING glowing leather armour (115 gold).
  5180 | D:7      | Bought a glowing leather armour for 115 gold pieces
  5180 | D:7      | 5180 ||| BUYING pair of gloves (103 gold).
  5180 | D:7      | Bought a pair of gloves for 103 gold pieces
  5180 | D:7      | 5180 ||| SHOPLISTING runed helmet (172 gold, have 33).
  5180 | D:7      | 5180 ||| SHOPLISTING runed robe (85 gold, have 33).
  5272 | D:7      | Noticed Prince Ribbit
  5276 | D:7      | Killed Prince Ribbit
  5328 | D:7      | Found an iron altar of Okawaru.
  5329 | D:7      | 5329 ||| PLANNING OKAWARU WORSHIP
  5329 | D:7      | 5329 ||| UPGRADING to +2 leather armour of cold resistance.
  5339 | D:7      | 5339 ||| UPGRADING to +0 pair of gloves.
  5344 | D:7      | 5344 ||| READING scroll labelled PAM COENLYLE.
  5345 | D:7      | 5345 ||| READING 3 scrolls of identify.
  5345 | D:7      | 5345 ||| IDENTIFYING clear potion
  5346 | D:7      | 5346 ||| DROPPING potion of magic.
  5358 | D:7      | Reached skill level 6 in Dodging
  5362 | D:7      | 5362 ||| DROPPING +0 ring mail.
  5363 | D:7      | 5363 ||| UPGRADING to +4 ring mail.
  5373 | D:7      | 5373 ||| DROPPING +2 leather armour of cold resistance.
  5374 | D:7      | Became a worshipper of Warmaster Okawaru
  5375 | D:7      | 5375 ||| PLANNING D:1-11
  5397 | D:7      | Found a shimmering altar of Xom.
  5528 | D:7      | Reached skill level 16 in Ranged Weapons
  5628 | D:7      | 5628 ||| DRINKING 2 bubbling puce potions.
  5629 | D:7      | 5629 ||| DROPPING potion of brilliance.
  5696 | D:8      | Found a blossoming altar of Fedhas.
  5700 | D:8      | Found a hazy altar of Hepliaklqana.
  5700 | D:8      | Found a sparkling altar of Nemelex Xobeh.
  5700 | D:8      | Found a sacrificial altar of Ru.
  5701 | D:8      | Found an opulent altar of Gozag.
  5862 | D:8      | Reached XP level 10. HP: 56/56 MP: 12/12
  5943 | D:8      | 5943 ||| Stepping ~*~*~tactically~*~*~ (cloud).
  5944 | D:8      | Reached * piety under Okawaru
  6154 | D:8      | 6154 ||| Stepping ~*~*~tactically~*~*~ (outnumbered).
  6160 | D:8      | 6160 ||| INVOKING Heroism.
  6319 | D:8      | 6319 ||| READING 3 scrolls labelled ARIKET SOXEACW.
  6320 | D:8      | 6320 ||| READING scroll labelled HOATEZ DOUMUNI.
  6321 | D:8      | 6321 ||| DROPPING 2 scrolls of poison.
  6340 | D:9      | 6340 ||| STAIRDANCE
  6381 | D:9      | 6381 ||| STAIRDANCE
  6402 | D:9      | 6402 ||| STAIRDANCE
  6405 | D:8      | Reached skill level 17 in Ranged Weapons
  6438 | D:9      | 6438 ||| STAIRDANCE
  6485 | D:9      | 6485 ||| STAIRDANCE
  6487 | D:8      | 6487 ||| INVOKING Heroism.
  6572 | D:9      | 6572 ||| STAIRDANCE
  6578 | D:8      | Reached skill level 1 in Invocations
  6619 | D:9      | 6619 ||| INVOKING Heroism.
  6619 | D:9      | Noticed Maurice
  6626 | D:9      | Paralysed by Maurice for 2 turns
  6628 | D:9      | Killed Maurice
  6718 | D:9      | 6718 ||| INVOKING Heroism.
  6723 | D:9      | Reached skill level 3 in Invocations
  6797 | D:9      | Found a broken altar of Ashenzari.
  6850 | D:9      | 6850 ||| READING scroll of enchant weapon.
  6850 | D:9      | 6850 ||| ENCHANTING +3 hand crossbow of flaming.
  6863 | D:9      | 6863 ||| FLEEEEING.
  6864 | D:9      | 6864 ||| FLEEEEING.
  6865 | D:9      | 6865 ||| FLEEEEING.
  6943 | D:9      | 6943 ||| INVOKING Heroism.
  6953 | D:9      | Reached skill level 18 in Ranged Weapons
  7011 | D:9      | Found a staircase to the Lair.
  7023 | D:9      | 7023 ||| INVOKING Heroism.
  7038 | D:9      | 7038 ||| FLEEEEING.
  7039 | D:9      | 7039 ||| FLEEEEING.
  7040 | D:9      | 7040 ||| FLEEEEING.
  7047 | D:9      | 7047 ||| STAIRDANCE
  7167 | D:9      | 7167 ||| INVOKING Heroism.
  7185 | D:9      | 7185 ||| INVOKING Heroism.
  7360 | D:9      | 7360 ||| PLANNING LAIR
  7396 | Lair:1   | Entered Level 1 of the Lair of Beasts
  7410 | Lair:1   | 7410 ||| READING 3 scrolls of enchant armour.
  7410 | Lair:1   | 7410 ||| ENCHANTING +0 pair of gloves.
  7411 | Lair:1   | 7411 ||| READING 2 scrolls of enchant armour.
  7411 | Lair:1   | 7411 ||| ENCHANTING +1 pair of gloves.
  7412 | Lair:1   | 7412 ||| READING scroll of enchant armour.
  7412 | Lair:1   | 7412 ||| ENCHANTING +0 helmet.
  7442 | Lair:1   | Noticed a cane toad
  7445 | Lair:1   | 7445 ||| INVOKING Heroism.
  7453 | Lair:1   | Killed a cane toad
  7689 | Lair:1   | Noticed a cane toad
  7690 | Lair:1   | 7690 ||| INVOKING Heroism.
  7694 | Lair:1   | Killed a cane toad
  7705 | Lair:1   | Noticed a cane toad
  7713 | Lair:1   | 7713 ||| INVOKING Heroism.
  7714 | Lair:1   | Killed a cane toad
  7723 | Lair:1   | HP: 14/59 [poisoned by a cane toad]
  8152 | Lair:1   | 8152 ||| INVOKING Heroism.
  8161 | Lair:1   | Reached XP level 11. HP: 63/63 MP: 14/16
  8163 | Lair:1   | Noticed Sonja
  8167 | Lair:1   | Killed Sonja
  8168 | Lair:1   | Reached skill level 3 in Armour
  8500 | Lair:1   | 8500 ||| DROPPING +2 hat.
  8501 | Lair:1   | 8501 ||| UPGRADING to ring of willpower.
  8503 | Lair:1   | 8503 ||| READING 2 scrolls of identify.
  8503 | Lair:1   | 8503 ||| IDENTIFYING emerald potion
  8526 | Lair:2   | 8526 ||| INVOKING Heroism.
  8537 | Lair:2   | Reached ** piety under Okawaru
  8657 | Lair:2   | 8657 ||| INVOKING Heroism.
  8684 | Lair:2   | Reached skill level 6 in Fighting
  8737 | Lair:2   | Found a staircase to the Snake Pit.
  8738 | Lair:2   | 8738 ||| Stepping ~*~*~tactically~*~*~ (outnumbered).
  8740 | Lair:2   | 8740 ||| Stepping ~*~*~tactically~*~*~ (outnumbered).
  8742 | Lair:2   | 8742 ||| Stepping ~*~*~tactically~*~*~ (outnumbered).
  8746 | Lair:2   | Reached skill level 9 in Dodging
  8747 | Lair:2   | 8747 ||| INVOKING Heroism.
  8827 | Lair:2   | 8827 ||| INVOKING Heroism.
  8958 | Lair:2   | 8958 ||| INVOKING Heroism.
  9081 | Lair:2   | Noticed Gastronok
  9082 | Lair:2   | 9082 ||| INVOKING Heroism.
  9090 | Lair:2   | Killed Gastronok
  9090 | Lair:2   | Reached *** piety under Okawaru
  9280 | Lair:2   | 9280 ||| INVOKING Heroism.
  9633 | Lair:2   | 9633 ||| INVOKING Heroism.
  9694 | Lair:2   | 9694 ||| UPGRADING to +1 pair of boots.
  9699 | Lair:2   | 9699 ||| DRINKING 2 inky potions.
  9700 | Lair:2   | 9700 ||| READING 2 scrolls of identify.
  9700 | Lair:2   | 9700 ||| IDENTIFYING viscous golden potion
  9701 | Lair:2   | 9701 ||| DROPPING potion of invisibility.
  9968 | Lair:3   | 9968 ||| INVOKING Heroism.
  9989 | Lair:3   | 9989 ||| INVOKING Heroism.
  9989 | Lair:3   | HP: 14/68 [blink frog (10)]
  9990 | Lair:3   | 9990 ||| DRINKING potion of heal wounds.
  9996 | Lair:3   | Reached XP level 12. HP: 41/73 MP: 15/17
 10035 | Lair:3   | 10035 ||| INVOKING Heroism.
 10282 | Lair:3   | Found a staircase to the Shoals.
 10590 | Lair:4   | 10590 ||| INVOKING Heroism.
 10816 | Lair:4   | 10816 ||| INVOKING Heroism.
 10933 | Lair:4   | 10933 ||| INVOKING Heroism.
 10947 | Lair:4   | Reached **** piety under Okawaru
 10957 | Lair:4   | 10957 ||| INVOKING Heroism.
 10983 | Lair:4   | Found a runed translucent door.
 10985 | Lair:4   | Found a viscous altar of Jiyva.
 11139 | Lair:4   | Found a staircase to the Slime Pits.
 11161 | Lair:4   | 11161 ||| READING scroll labelled AMOOLL PENU.
 11169 | Lair:5   | Entered Level 5 of the Lair of Beasts
 11176 | Lair:5   | Reached skill level 9 in Fighting
 11292 | Lair:5   | 11292 ||| INVOKING Heroism.
 11319 | Lair:5   | 11319 ||| FLEEEEING.
 11329 | Lair:5   | 11329 ||| INVOKING Heroism.
 11330 | Lair:5   | Noticed a five-headed hydra
 11331 | Lair:5   | 11331 ||| FLEEEEING.
 11332 | Lair:5   | 11332 ||| FLEEEEING.
 11336 | Lair:5   | HP: 18/76 [five-headed hydra (4)]
 11336 | Lair:5   | HP: 8/76 [five-headed hydra (10)]
 11337 | Lair:5   | 11337 ||| READING 5 scrolls of teleportation.
 11345 | Lair:5   | Reached skill level 6 in Invocations
 11411 | Lair:5   | 11411 ||| INVOKING Heroism.
 11443 | Lair:5   | 11443 ||| INVOKING Heroism.
 11563 | Lair:5   | 11563 ||| INVOKING Heroism.
 11575 | Lair:5   | Reached skill level 12 in Dodging
 11583 | Lair:5   | 11583 ||| INVOKING Heroism.
 11730 | Lair:5   | 11730 ||| Stepping ~*~*~tactically~*~*~ (water).
 11735 | Lair:5   | 11735 ||| INVOKING Heroism.
 11758 | Lair:5   | 11758 ||| INVOKING Heroism.
 11764 | Lair:5   | Killed a five-headed hydra
 11783 | Lair:5   | 11783 ||| INVOKING Heroism.
 11798 | Lair:5   | 11798 ||| Stepping ~*~*~tactically~*~*~ (water).
 11803 | Lair:5   | Reached skill level 6 in Armour
 11987 | Lair:5   | 11987 ||| Stepping ~*~*~tactically~*~*~ (water).
 12093 | Lair:5   | Reached XP level 13. HP: 80/80 MP: 20/20
 12096 | Lair:5   | 12096 ||| INVOKING Heroism.
 12123 | Lair:5   | 12123 ||| FLEEEEING.
 12124 | Lair:5   | 12124 ||| FLEEEEING.
 12125 | Lair:5   | 12125 ||| FLEEEEING.
 12126 | Lair:5   | 12126 ||| INVOKING Heroism.
 12141 | Lair:5   | HP: 16/80 [elephant (9)]
 12142 | Lair:5   | 12142 ||| READING 4 scrolls of teleportation.
 12143 | Lair:5   | HP: 7/80 [blink frog (9)]
 12145 | Lair:5   | 12145 ||| READING 3 scrolls of teleportation.
 12400 | Lair:5   | 12400 ||| INVOKING Heroism.
 12459 | Lair:5   | Found a burning altar of Makhleb.
 12460 | Lair:5   | 12460 ||| Stepping ~*~*~tactically~*~*~ (outnumbered).
 12464 | Lair:5   | 12464 ||| Stepping ~*~*~tactically~*~*~ (outnumbered).
 12472 | Lair:5   | 12472 ||| Stepping ~*~*~tactically~*~*~ (outnumbered).
 12474 | Lair:5   | 12474 ||| INVOKING Heroism.
 12491 | Lair:5   | Reached ***** piety under Okawaru
 12682 | Lair:5   | Found a gateway to Hell.
 12753 | Lair:5   | 12753 ||| INVOKING Heroism.
 12755 | Lair:5   | Reached skill level 9 in Invocations
 12779 | Lair:5   | 12779 ||| INVOKING Heroism.
 13463 | Lair:5   | 13463 ||| PLANNING D:1-11
 13463 | Lair:5   | 13463 ||| DROPPING ring of magical power.
 13464 | Lair:5   | 13464 ||| READING 4 scrolls labelled EMOORO WUAF.
 13466 | Lair:5   | 13466 ||| DROPPING 3 scrolls of blinking.
 13651 | D:10     | Entered Level 10 of the Dungeon
 13659 | D:10     | 13659 ||| STAIRDANCE
 13774 | D:10     | 13774 ||| Stepping ~*~*~tactically~*~*~ (outnumbered).
 13776 | D:10     | 13776 ||| Stepping ~*~*~tactically~*~*~ (outnumbered).
 14120 | D:10     | 14120 ||| READING scroll of enchant armour.
 14120 | D:10     | 14120 ||| ENCHANTING +1 helmet.
 14346 | D:11     | 14346 ||| READING scroll of enchant weapon.
 14346 | D:11     | 14346 ||| ENCHANTING +4 hand crossbow of freezing.
 14444 | D:11     | Found Siryzokh's Weapon Shop.
 14545 | D:11     | Noticed Urug
 14546 | D:11     | 14546 ||| INVOKING Heroism.
 14547 | D:11     | 14547 ||| INVOKING Finesse.
 14554 | D:11     | Killed Urug
 14741 | D:11     | 14741 ||| PLANNING D
 14741 | D:11     | 14741 ||| READING scroll labelled ONEROAMERI.
 14901 | D:12     | 14901 ||| INVOKING Heroism.
 14915 | D:12     | Identified the +3 scale mail of Sunlight {rPois rC+}
                  | (Okawaru gifted it to you on level 12 of the Dungeon)
 14915 | D:12     | Received a gift from Okawaru
 14988 | D:12     | 14988 ||| INVOKING Heroism.
 14989 | D:12     | 14989 ||| INVOKING Finesse.
 15002 | D:12     | Noticed Nessos
 15012 | D:12     | HP: 13/82 [Nessos/arrow (12)]
 15013 | D:12     | 15013 ||| READING 2 scrolls of teleportation.
 15294 | D:12     | 15294 ||| INVOKING Finesse.
 15301 | D:12     | Killed Nessos
 15362 | D:12     | 15362 ||| SWAPPING to +1 longbow of flaming.
 15363 | D:12     | 15363 ||| DROPPING +5 hand crossbow of freezing.
 15374 | D:12     | Found a staircase to the Orcish Mines.
 15403 | D:12     | Reached XP level 14. HP: 88/88 MP: 23/23
 16511 | D:13     | 16511 ||| INVOKING Heroism.
 16772 | D:13     | 16772 ||| INVOKING Heroism.
 16779 | D:13     | 16779 ||| Stepping ~*~*~tactically~*~*~ (outnumbered).
 16780 | D:13     | 16780 ||| Stepping ~*~*~tactically~*~*~ (outnumbered).
 16790 | D:13     | HP: 13/88 [red devil/+0 trident[a kobold demonologist]
                  | (12)]
 16790 | D:13     | HP: 5/88 [skeletal warrior/+0 short sword (8)]
 16791 | D:13     | 16791 ||| READING scroll of teleportation.
 16791 | D:13     | Slain by a kobold brigand

Levels and vault maps discovered:
D:1:      eino_arrival_cavern_e, layout_rooms
D:2:      layout_basic, eino_curves_04
D:3:      wad_lake_hut, layout_loops_cross, mainiacjoe_overflow_alcove_1,
          ebering_ecumenical_altar_webs, grunt_ministairs_6
D:4:      layout_loops_cross, serial_park_tiny_pond, uniq_grinder, uniq_natasha,
          uniq_eustachio, uniq_edmund, uniq_robin, uniq_duvessa
D:5:      layout_basic, lemuel_round_altar,
          minmay_temple_entry_drinking_statues, uniq_sigmund
D:6:      kb_forest_paths, layout_loops_ring, uniq_maggie
D:7:      layout_gridville, dk_xom_monty_hall, okawaru_humans, serial_shops,
          nicolae_shop_peninsula, shop, chequers_serial_rivers_micro_d,
          uniq_prince_ribbit1
D:8:      layout_gridville, grunt_temple_overflow_open
D:9:      layout_roguey, evilmike_ruin_ashenzari, erik_lair_island, uniq_maurice
D:10:     layout_loops_ring
D:11:     layout_rooms, serial_shops, nicolae_shop_bloodbath_and_beyond,
          uniq_urug
D:12:     layout_basic, zombieorc1_lemuel, uniq_nessos
D:13:     layout_basic, hangedman_vaults_entry_quadrant_bands
Temple:   minmay_temple_forest_path
Lair:1:   layout_cave_pods, lemuel_fruit_fields, uniq_sonja
Lair:2:   layout_cave_pods, guppyfry_snake_entry_garden, uniq_gastronok
Lair:3:   layout_hall_layers, elwin_shoals_entry_rocks
Lair:4:   layout_hall_layers, slime_entry_2, pond
Lair:5:   evil_forest, layout_layer_cave, serial_bayou_lake_a

Skill      XL: |  1  2  3  4  5  6  7  8  9 10 11 12 13 |
---------------+----------------------------------------+-----
Ranged Weapons | 6 8 9 10 12 14 16 18 | 18.8
Fighting       | 2 3 4 5 8 9 10 | 10.0
Dodging        | 4 6 7 10 12 14 | 14.1
Armour         | 2 4 6 7 |  7.0
Invocations    | 4 7 10 | 10.0
Stealth        | |  1.2

Action                     |  1- 3 |  4- 6 |  7- 9 | 10-12 | 13-15 || total
---------------------------+-------+-------+-------+-------+-------++-------
   Fire: Shortbow          |    37 |       |       |       |       ||    37
         Hand crossbow     |    42 |    51 |   204 |   452 |   310 ||  1059
         Longbow           |       |       |       |       |   120 ||   120
 Invoke: Heroism           |       |       |       |    36 |    11 ||    47
         Finesse           |       |       |       |       |     3 ||     3
    Use: Scroll            |     8 |       |     6 |    10 |     8 ||    32
         Potion            |     3 |       |     3 |     2 |       ||     8
 Armour: Leather armour    |     1 |       |     1 |       |       ||     2
         Ring mail         |     3 |    19 |    56 |   115 |    90 ||   283
  Dodge: Dodged            |    11 |    27 |    87 |   232 |   222 ||   579

Table legend:
 A = Non-vault XP
 B = Vault XP
 C = Vault XP percentage of total XP
 D = Non-vault monster count
 E = Vault monster count
 F = Vault count percentage of total count
                 A         B        C        D         E       F
            +---------+---------+-------+---------+---------+-------
      Total |   47310 |   22127 |  31.9 |     316 |     109 |  25.6
            +---------+---------+-------+---------+---------+-------
        D:1 |      28 |       0 |   0.0 |      17 |       0 |   0.0
        D:2 |      27 |       0 |   0.0 |      16 |       0 |   0.0
        D:3 |      20 |       3 |  13.0 |       9 |       2 |  18.2
        D:4 |     234 |     947 |  80.2 |      13 |      17 |  56.7
        D:5 |     512 |     239 |  31.8 |      22 |       1 |   4.3
        D:6 |     680 |     778 |  53.4 |      15 |       7 |  31.8
        D:7 |     951 |     760 |  44.4 |      26 |       6 |  18.8
        D:8 |    1119 |     571 |  33.8 |      19 |       4 |  17.4
        D:9 |    2303 |     811 |  26.0 |      21 |       4 |  16.0
       D:10 |    1583 |       0 |   0.0 |      12 |       0 |   0.0
       D:11 |    1330 |     822 |  38.2 |       6 |       1 |  14.3
       D:12 |    8320 |    1774 |  17.6 |      18 |      28 |  60.9
       D:13 |    1448 |     461 |  24.1 |       3 |       2 |  40.0
     Lair:1 |    2049 |     782 |  27.6 |       8 |       1 |  11.1
     Lair:2 |    6005 |    1807 |  23.1 |      32 |       3 |   8.6
     Lair:3 |    3099 |       0 |   0.0 |      11 |       0 |   0.0
     Lair:4 |    2399 |    2309 |  49.0 |      10 |       7 |  41.2
     Lair:5 |   15203 |   10063 |  39.8 |      58 |      26 |  31.0
            +---------+---------+-------+---------+---------+-------
